Golden Seals vs Canucks

Created - 19 janvier 2022 at 13:21

Goals
1 2 3 OT1 T
Golden Seals 0 0 2 0 2
Canucks 0 2 0 1 3
Shots
1 2 3 OT1 T
Golden Seals 3 7 13 3 26
Canucks 9 20 11 2 42

1st period

No Goal

Penalties :
Jonathan Toews (CLF) for Tripping (Minor) at 17:25

2nd period

1. Canucks , Cole Sillinger 1 (Denis Gurianov 11) at 8:12
2. Canucks , Denis Gurianov 8 (Ryan Getzlaf 18, Ben Bishop) at 10:57 (PP)

Penalties :
Jaden Schwartz (CLF) for Roughing (Minor) at 1:52, Tyler Toffoli (CLF) for Slashing (Minor) at 9:17

3rd period

3. Golden Seals , Miles Wood 15 (Cody Ceci 18, Jaden Schwartz 15) at 2:01
4. Golden Seals , Max Domi 9 (Robby Fabbri 10, Nick Suzuki 19) at 14:43 (SH)

Penalties :
Blake Wheeler (VAN) for Delaying the game (Minor) at 4:39, Quinn Hughes (VAN) for Hooking (Minor) at 9:04, Kurtis MacDermid (CLF) for Hooking (Minor) at 13:30, Oscar Klefbom (VAN) for Hooking (Minor) at 16:34

Overtime #1

5. Canucks , Dominik Kubalik 15 (Charlie McAvoy 16) at 4:05

Penalties :
No Penalty

Goalie Stats

Andrei Vasilevskiy (CLF), 39 saves from 42 shots - (0,929), OTL, 18-8-3, 64:05 minutes
Ben Bishop (VAN), 24 saves from 26 shots - (0,923), W, 20-7-5, 64:05 minutes

Players Stats for Golden Seals

Player Name              G  A  P  +/- PIM S  H  SB GA TA FO     MP     PP MP  PK MP  
------------------------------------------------------------------------------------
Barclay Goodrow          0  0  0  -1  0   0  2  2  0  2  1/1    10:39   0:00   0:12 
Cody Ceci                0  1  1   2  0   1  0  2  0  3  0/0    22:01   2:25   3:19 
Colton Parayko           0  0  0  -1  0   1  1  2  0  2  0/0    28:30   3:32   4:18 
Jaden Schwartz           0  1  1   0  2   2  3  0  1  1  2/2    16:52   2:40   0:00 
Jake McCabe              0  0  0   2  0   1  3  3  0  0  0/0    21:05   2:25   3:19 
Jason Robertson          0  0  0  -1  0   0  0  0  0  0  0/0    10:19   0:00   0:00 
Jonathan Toews           0  0  0   0  2   3  1  0  1  0  22/32  23:58   3:17   3:31 
Kurtis MacDermid         0  0  0   0  2   0  1  0  1  0  0/0    10:49   0:00   0:00 
Max Domi                 1  0  1   1  0   4  2  1  0  0  1/4     8:49   0:00   1:11 
Miles Wood               1  0  1   1  0   3  0  1  0  1  0/0    16:38   2:40   0:00 
Nate Schmidt             0  0  0  -2  0   1  0  0  1  1  0/0    25:08   3:32   4:18 
Nick Cousins             0  0  0   0  0   0  0  0  0  0  0/0     1:08   0:13   0:00 
Nick Suzuki              0  1  1  -1  0   3  3  0  1  0  1/2    21:36   3:17   2:28 
Ondrej Kase              0  0  0   0  0   0  1  0  1  0  0/0     7:17   0:00   0:00 
Oskar Lindblom           0  0  0   0  0   0  0  0  0  2  0/0     7:17   0:00   0:00 
Robby Fabbri             0  1  1   0  0   3  1  0  0  0  3/6    12:31   0:00   2:06 
Robert Hagg              0  0  0   0  0   0  0  0  0  1  0/0    11:08   0:00   0:00 
Thomas Harley            0  0  0   0  0   0  1  0  0  0  0/0     5:26   0:00   0:00 
Tyler Toffoli            0  0  0   0  2   0  2  1  1  0  0/0    20:21   3:17   1:04 
William Karlsson         0  0  0   1  0   4  1  3  0  0  8/12   23:02   2:27   4:42 

Players Stats for Canucks

Player Name              G  A  P  +/- PIM S  H  SB GA TA FO     MP     PP MP  PK MP  
------------------------------------------------------------------------------------
Alex Killorn             0  0  0   0  0   1  1  0  2  1  2/4    19:13   2:03   3:16 
Alex Tuch                0  0  0  -1  0   5  1  1  0  0  0/0    20:04   5:34   0:00 
Blake Wheeler            0  0  0   0  2   6  5  0  0  0  0/1    23:35   5:59   1:00 
Charlie McAvoy           0  1  1   0  0   3  0  2  1  2  0/0    24:48   2:22   2:14 
Cole Sillinger           1  0  1   1  0   2  0  0  0  0  2/3    10:13   0:17   0:00 
Darnell Nurse            0  0  0  -1  0   3  1  2  0  1  0/0    22:30   1:38   1:28 
Denis Gurianov           1  1  2   1  0   3  0  1  1  0  0/1    13:53   1:46   0:10 
Dominik Kubalik          1  0  1  -1  0   4  2  1  2  1  1/2    20:46   5:34   2:17 
Jason Dickinson          0  0  0   1  0   2  1  0  2  0  2/5    14:18   0:00   3:20 
Jordan Martinook         0  0  0   0  0   1  0  0  1  0  0/0     8:35   0:00   0:00 
Matt Grzelcyk            0  0  0   0  0   3  1  2  0  0  0/0    17:19   0:00   0:30 
Mika Zibanejad           0  0  0  -1  0   4  1  0  1  0  9/31   23:27   5:34   1:51 
Mikko Koivu              0  0  0   0  0   1  0  0  0  0  1/1     9:38   0:00   0:00 
Oscar Klefbom            0  0  0   0  2   2  0  0  0  1  0/0    13:16   0:00   2:40 
Pierre Engvall           0  0  0   0  0   1  0  0  0  0  0/0     8:49   0:00   0:00 
Quinn Hughes             0  0  0   0  2   1  0  2  3  0  0/0    25:01   5:15   1:03 
Ryan Getzlaf             0  1  1  -1  0   0  0  0  0  1  4/11   14:40   2:03   0:00 
Victor Mete              0  0  0   0  0   0  0  0  0  0  0/0    14:13   0:00   3:59 

3 Stars

1 - Denis Gurianov (VAN)
2 - Max Domi (CLF)
3 - Cole Sillinger (VAN)

Power Play

Golden Seals - 0 on 3 Attempt(s) - 0,00%
Canucks - 1 on 4 Attempt(s) - 25,00%

Penalty Kill

Golden Seals - 3 on 4 Attempt(s) - 75,00% - Score 1 goal in Penalty Kill
Canucks - 3 on 3 Attempt(s) - 100,00% - Score 0 goal in Penalty Kill

Team Stat

Golden Seals - Hits : 22 - Faceoff Wins : 38 - Blocked Shots : 15 - Penalty Minutes : 8
Canucks - Hits : 13 - Faceoff Wins : 21 - Blocked Shots : 11 - Penalty Minutes : 6

Official

Referees : Shaun Davis and TJ Luxmore
Linesman : Brent Hooks and Kyle Allen

Game Notes

No Game Note

Finance

Level 1 -- Attendance: 5619 (93,65%) -- Ticket Income 533 805 $
Level 2 -- Attendance: 4993 (99,86%) -- Ticket Income 274 615 $
Level 3 -- Attendance: 2000 (100,00%) -- Ticket Income 60 000 $
Level 4 -- Attendance: 4000 (100,00%) -- Ticket Income 80 000 $
Luxury Box -- Attendance: 1000 (100,00%) -- Ticket Income 175 000 $
Game was played at the Green men Ice Stadium.
Total Attendance: 17612 (97,84%)
Total Ticket Income: 1 123 420 $
Other Income: 550 476 $
Total Income: 1 673 896 $

Golden Seals

5 vs 5 Forward 
   Center                   Left Wing                Right Wing               Time % Phy DF OF 
 1 Jonathan Toews           Tyler Toffoli            Nick Suzuki              40     1   2  2  
 2 William Karlsson         Jaden Schwartz           Miles Wood               30     1   2  2  
 3 Robby Fabbri             Jason Robertson          Barclay Goodrow          20     1   2  2  
 4 Max Domi                 Oskar Lindblom           Ondrej Kase              10     1   2  2  

5 vs 5 Defense 
   Defense                  Defense                                           Time % Phy DF OF 
 1 Colton Parayko           Nate Schmidt                                      40     1   2  2  
 2 Cody Ceci                Jake McCabe                                       30     1   2  2  
 3 Robert Hagg              Kurtis MacDermid                                  20     1   2  2  
 4 Thomas Harley            Colton Parayko                                    10     1   2  2  

PowerPlay Forward 
   Center                   Left Wing                Right Wing               Time % Phy DF OF 
 1 Jonathan Toews           Tyler Toffoli            Nick Suzuki              60     1   2  2  
 2 William Karlsson         Jaden Schwartz           Miles Wood               40     1   2  2  

PowerPlay Defense
   Defense                  Defense                                           Time % Phy DF OF 
 1 Colton Parayko           Nate Schmidt                                      60     1   2  2  
 2 Cody Ceci                Jake McCabe                                       40     1   2  2  

Penalty Kill 4 Players Forward 
   Center                   Wing                     Time % Phy DF OF 
 1 Jonathan Toews           William Karlsson         60     1   2  2  
 2 Tyler Toffoli            Nick Suzuki              40     1   2  2  

Penalty Kill 4 Players Defense
   Defense                  Defense                  Time % Phy DF OF 
 1 Colton Parayko           Nate Schmidt             60     1   2  2  
 2 Cody Ceci                Jake McCabe              40     1   2  2  

Penalty Kill - 3 Players Forward 
   Forward                                           Time % Phy DF OF 
 1 Jonathan Toews                                    60     1   2  2  
 2 William Karlsson                                  40     1   2  2  

Penalty Kill - 3 Players Defense
   Defense                  Defense                  Time % Phy DF OF 
 1 Colton Parayko           Nate Schmidt             60     1   2  2  
 2 Cody Ceci                Jake McCabe              40     1   2  2  

4 vs 4 Forward 
   Center                   Wing                     Time % Phy DF OF 
 1 Jonathan Toews           William Karlsson         60     1   2  2  
 2 Tyler Toffoli            Nick Suzuki              40     1   2  2  

4 vs 4 Defense
   Defense                  Defense                  Time % Phy DF OF 
 1 Colton Parayko           Nate Schmidt             60     1   2  2  
 2 Cody Ceci                Jake McCabe              40     1   2  2  

Last Minutes Offensive
   Center                   Left Wing                Right Wing               Defense                  Defense                  
   Jonathan Toews           Tyler Toffoli            Nick Suzuki              Colton Parayko           Nate Schmidt             

Last Minutes Defensive
   Center                   Left Wing                Right Wing               Defense                  Defense                  
   Jonathan Toews           Tyler Toffoli            Nick Suzuki              Colton Parayko           Nate Schmidt             

Goaltenders
Starting : Andrei Vasilevskiy       
Backup : Jacob Ingham             

Extra Forwards
Normal : Nick Cousins, Jason Robertson, Robby Fabbri - PP : Nick Cousins, Jason Robertson - PK : Robby Fabbri
Extra Defensemen
Normal : Robert Hagg, Kurtis MacDermid, Thomas Harley - PP : Robert Hagg - PK : Kurtis MacDermid, Thomas Harley
Penalty Shots
Jonathan Toews, William Karlsson, Tyler Toffoli, Nick Suzuki, Jaden Schwartz
Custom OT Lines Forwards
Jonathan Toews, William Karlsson, Tyler Toffoli, Nick Suzuki, Jaden Schwartz, Miles Wood, Jason Robertson, Robby Fabbri, Barclay Goodrow, Max Domi
Custom OT Lines Defensemen
Colton Parayko, Nate Schmidt, Cody Ceci, Jake McCabe, Robert Hagg

Scratches
None

Canucks

5 vs 5 Forward 
   Center                   Left Wing                Right Wing               Time % Phy DF OF 
 1 Mika Zibanejad           Blake Wheeler            Alex Tuch                40     1   0  4  
 2 Ryan Getzlaf             Dominik Kubalik          Alex Killorn             35     1   0  4  
 3 Cole Sillinger           Jason Dickinson          Denis Gurianov           20     2   2  1  
 4 Mikko Koivu              Jordan Martinook         Pierre Engvall           5      1   4  0  

5 vs 5 Defense 
   Defense                  Defense                                           Time % Phy DF OF 
 1 Darnell Nurse            Quinn Hughes                                      38     1   1  3  
 2 Charlie McAvoy           Matt Grzelcyk                                     38     1   1  3  
 3 Oscar Klefbom            Victor Mete                                       24     1   3  1  
 4 Darnell Nurse            Charlie McAvoy                                    0      0   5  0  

PowerPlay Forward 
   Center                   Left Wing                Right Wing               Time % Phy DF OF 
 1 Mika Zibanejad           Dominik Kubalik          Alex Tuch                60     1   0  4  
 2 Ryan Getzlaf             Alex Killorn             Denis Gurianov           40     1   0  4  

PowerPlay Defense
   Defense                  Defense                                           Time % Phy DF OF 
 1 Blake Wheeler            Quinn Hughes                                      60     1   0  4  
 2 Charlie McAvoy           Darnell Nurse                                     40     1   0  4  

Penalty Kill 4 Players Forward 
   Center                   Wing                     Time % Phy DF OF 
 1 Jason Dickinson          Alex Killorn             80     1   4  0  
 2 Mikko Koivu              Pierre Engvall           20     1   4  0  

Penalty Kill 4 Players Defense
   Defense                  Defense                  Time % Phy DF OF 
 1 Oscar Klefbom            Victor Mete              60     1   4  0  
 2 Charlie McAvoy           Darnell Nurse            40     1   4  0  

Penalty Kill - 3 Players Forward 
   Forward                                           Time % Phy DF OF 
 1 Alex Killorn                                      60     1   2  2  
 2 Jason Dickinson                                   40     1   2  2  

Penalty Kill - 3 Players Defense
   Defense                  Defense                  Time % Phy DF OF 
 1 Oscar Klefbom            Victor Mete              60     1   2  2  
 2 Charlie McAvoy           Darnell Nurse            40     1   2  2  

4 vs 4 Forward 
   Center                   Wing                     Time % Phy DF OF 
 1 Mika Zibanejad           Dominik Kubalik          50     1   2  2  
 2 Blake Wheeler            Alex Tuch                50     1   2  2  

4 vs 4 Defense
   Defense                  Defense                  Time % Phy DF OF 
 1 Matt Grzelcyk            Darnell Nurse            50     1   2  2  
 2 Charlie McAvoy           Quinn Hughes             50     1   2  2  

Last Minutes Offensive
   Center                   Left Wing                Right Wing               Defense                  Defense                  
   Mika Zibanejad           Blake Wheeler            Alex Tuch                Quinn Hughes             Charlie McAvoy           

Last Minutes Defensive
   Center                   Left Wing                Right Wing               Defense                  Defense                  
   Mika Zibanejad           Jason Dickinson          Alex Killorn             Darnell Nurse            Charlie McAvoy           

Goaltenders
Starting : Ben Bishop               
Backup : Chris Driedger           

Extra Forwards
Normal : Denis Gurianov, Jason Dickinson, Dominik Kubalik - PP : Alex Killorn, Cole Sillinger - PK : Mika Zibanejad
Extra Defensemen
Normal : Charlie McAvoy, Matt Grzelcyk, Darnell Nurse - PP : Charlie McAvoy - PK : Charlie McAvoy, Matt Grzelcyk
Penalty Shots
Mika Zibanejad, Blake Wheeler, Alex Killorn, Dominik Kubalik, Alex Tuch
Custom OT Lines Forwards
Mika Zibanejad, Blake Wheeler, Alex Killorn, Dominik Kubalik, Alex Tuch, Ryan Getzlaf, Denis Gurianov, Jason Dickinson, Pierre Engvall, Cole Sillinger
Custom OT Lines Defensemen
Quinn Hughes, Charlie McAvoy, Darnell Nurse, Matt Grzelcyk, Oscar Klefbom

Scratches
Erik Johnson (Sprained Left Ankle Injury), Michael McLeod (Strained Right Elbow Injury)

% Time on Ice - Golden Seals

Lines # - Real PCT - Wanted PCT - Time Play
Normal Forward
1 - 35% - 40% - 16:03
2 - 28% - 30% - 13:09
3 - 21% - 20% - 9:57
4 - 16% - 10% - 7:17
Normal Defense
1 - 34% - 40% - 15:57
2 - 33% - 30% - 15:21
3 - 23% - 20% - 10:34
4 - 10% - 10% - 4:34
PP Forward
1 - 55% - 60% - 3:17
2 - 45% - 40% - 2:40
PP Defense
1 - 59% - 60% - 3:32
2 - 41% - 40% - 2:25
PK Forward
1 - 78% - 60% - 5:56
2 - 22% - 40% - 1:41
PK Defense
1 - 56% - 60% - 4:18
2 - 44% - 40% - 3:19
PK3 Forward
1 - 0% - 60%
2 - 0% - 40%
PK3 Defense
1 - 0% - 60%
2 - 0% - 40%
44 Forward
1 - 0% - 60%
2 - 0% - 40%
44 Defense
1 - 0% - 60%
2 - 0% - 40%
Last Minute Offensive  - 0:00
Last Minute Defensive  - 0:00
Total
Forward - 60:00
Defense - 60:00

% Time on Ice - Canucks

Lines # - Real PCT - Wanted PCT - Time Play
Normal Forward
1 - 34% - 40% - 15:34
2 - 27% - 35% - 12:41
3 - 21% - 20% - 9:42
4 - 18% - 5% - 8:29
Normal Defense
1 - 38% - 38% - 17:49
2 - 39% - 38% - 18:06
3 - 21% - 24% - 9:58
4 - 1% - 0% - 0:33
PP Forward
1 - 73% - 60% - 5:34
2 - 27% - 40% - 2:03
PP Defense
1 - 79% - 60% - 5:59
2 - 21% - 40% - 1:38
PK Forward
1 - 100% - 80% - 5:57
2 - 0% - 20% - 0:00
PK Defense
1 - 75% - 60% - 4:29
2 - 25% - 40% - 1:28
PK3 Forward
1 - 0% - 60%
2 - 0% - 40%
PK3 Defense
1 - 0% - 60%
2 - 0% - 40%
44 Forward
1 - 0% - 50%
2 - 0% - 50%
44 Defense
1 - 0% - 50%
2 - 0% - 50%
Last Minute Offensive  - 0:00
Last Minute Defensive  - 0:00
Total
Forward - 60:00
Defense - 60:00

Play-by-Play

1st period


0:01 of 1st period - Jonathan Toews wins face-off versus Mika Zibanejad in neutral zone.
1:14 of 1st period - Snap shot by Jaden Schwartz.
1:14 of 1st period - Shot Blocked by Matt Grzelcyk.
1:16 of 1st period - Snap shot by Miles Wood.
1:16 of 1st period - Deflect By Jaden Schwartz.
1:16 of 1st period - Stopped by Ben Bishop without a rebound.
1:17 of 1st period - Barclay Goodrow wins face-off versus Mika Zibanejad in Canucks zone.
2:07 of 1st period - Slapshot by Max Domi.
2:07 of 1st period - Stopped by Ben Bishop without a rebound.
2:08 of 1st period - Mika Zibanejad wins face-off versus Max Domi in Canucks zone.
2:25 of 1st period - Snap shot by Alex Tuch.
2:25 of 1st period - Stopped by Andrei Vasilevskiy without a rebound.
2:26 of 1st period - Dominik Kubalik wins face-off versus William Karlsson in Golden Seals zone.
2:53 of 1st period - Matt Grzelcyk is hit by Colton Parayko and loses puck.
3:44 of 1st period - Slapshot by Ondrej Kase.
3:44 of 1st period - Shot Misses the Net.
4:09 of 1st period - Kurtis MacDermid is hit by Matt Grzelcyk and loses puck.
4:32 of 1st period - Snap shot by Nick Suzuki.
4:32 of 1st period - Stopped by Ben Bishop with a rebound.
4:57 of 1st period - Slapshot by Jordan Martinook.
4:57 of 1st period - Stopped by Andrei Vasilevskiy with a rebound.
4:59 of 1st period - Wrist shot by Pierre Engvall.
4:59 of 1st period - Shot Misses the Net.
5:21 of 1st period - Slapshot by Matt Grzelcyk.
5:21 of 1st period - Stopped by Andrei Vasilevskiy with a rebound.
5:23 of 1st period - Snap shot by Mikko Koivu.
5:23 of 1st period - Stopped by Andrei Vasilevskiy with a rebound.
5:25 of 1st period - Slapshot by Charlie McAvoy.
5:25 of 1st period - Shot Blocked by Cody Ceci.
5:27 of 1st period - Snap shot by Charlie McAvoy.
5:27 of 1st period - Shot Blocked by Barclay Goodrow.
6:26 of 1st period - Slapshot by Matt Grzelcyk.
6:26 of 1st period - Shot Blocked by Barclay Goodrow.
6:28 of 1st period - Slapshot by Matt Grzelcyk.
6:28 of 1st period - Stopped by Andrei Vasilevskiy with a rebound.
6:30 of 1st period - Backhand shot by Charlie McAvoy.
6:30 of 1st period - Shot Blocked by Jake McCabe.
6:32 of 1st period - Slapshot by Jordan Martinook.
6:32 of 1st period - Shot Misses the Net.
6:34 of 1st period - Wrist shot by Pierre Engvall.
6:34 of 1st period - Stopped by Andrei Vasilevskiy with a rebound.
6:52 of 1st period - Snap shot by Jason Robertson.
6:52 of 1st period - Shot Misses the Net.
7:14 of 1st period - Slapshot by Matt Grzelcyk.
7:14 of 1st period - Stopped by Andrei Vasilevskiy with a rebound.
7:22 of 1st period - Wrist shot by Matt Grzelcyk.
7:22 of 1st period - Deflect By Pierre Engvall.
7:22 of 1st period - Shot Misses the Net.
7:22 of 1st period - Puck is out of play.
7:23 of 1st period - Mika Zibanejad wins face-off versus Jonathan Toews in Golden Seals zone.
7:50 of 1st period - Oscar Klefbom is hit by Jaden Schwartz.
8:30 of 1st period - Oscar Klefbom is hit by Jonathan Toews and loses puck.
9:05 of 1st period - Jason Dickinson is hit by Ondrej Kase and loses puck.
9:25 of 1st period - Mika Zibanejad is hit by William Karlsson and loses puck.
9:48 of 1st period - William Karlsson is hit by Jason Dickinson and loses puck.
10:32 of 1st period - Victor Mete is hit by Thomas Harley and loses puck.
10:47 of 1st period - Ryan Getzlaf is hit by Nick Suzuki and loses puck.
12:38 of 1st period - Oskar Lindblom is hit by Blake Wheeler and loses puck.
14:25 of 1st period - Charlie McAvoy is hit by Jake McCabe and loses puck.
16:05 of 1st period - Miles Wood is hit by Alex Tuch and loses puck.
16:26 of 1st period - Icing by Darnell Nurse.
16:27 of 1st period - Mikko Koivu wins face-off versus Robby Fabbri in Canucks zone.
16:32 of 1st period - Snap shot by Nick Suzuki.
16:32 of 1st period - Shot Blocked by Darnell Nurse.
16:34 of 1st period - Wrist shot by Jonathan Toews.
16:34 of 1st period - Shot Misses the Net.
17:25 of 1st period - Minor Penalty to Jonathan Toews for Tripping.
17:26 of 1st period - William Karlsson wins face-off versus Mika Zibanejad in Golden Seals zone.
17:39 of 1st period - Slapshot by Mika Zibanejad.
17:39 of 1st period - Stopped by Andrei Vasilevskiy without a rebound.
17:40 of 1st period - Mika Zibanejad wins face-off versus Robby Fabbri in Golden Seals zone.
18:13 of 1st period - Snap shot by Alex Killorn.
18:13 of 1st period - Stopped by Andrei Vasilevskiy with a rebound.
19:16 of 1st period - Alex Killorn is hit by Barclay Goodrow and loses puck.
19:25 of 1st period - Penalty to Jonathan Toews is over, Jonathan Toews is back on ice.
Goals for this period are 0 for Golden Seals vs 0 for Canucks.
Shots for this period are 3 for Golden Seals vs 9 for Canucks.

2nd period


0:01 of 2nd period - Jonathan Toews wins face-off versus Mika Zibanejad in neutral zone.
0:04 of 2nd period - Blake Wheeler is hit by Nick Suzuki and loses puck.
0:13 of 2nd period - Wrist shot by Mika Zibanejad.
0:13 of 2nd period - Shot Misses the Net.
0:15 of 2nd period - Snap shot by Blake Wheeler.
0:15 of 2nd period - Stopped by Andrei Vasilevskiy with a rebound.
0:17 of 2nd period - Snap shot by Blake Wheeler.
0:17 of 2nd period - Stopped by Andrei Vasilevskiy without a rebound.
0:18 of 2nd period - Ryan Getzlaf wins face-off versus William Karlsson in Golden Seals zone.
0:25 of 2nd period - Wrist shot by William Karlsson.
0:25 of 2nd period - Shot Misses the Net.
1:30 of 2nd period - Snap shot by Dominik Kubalik.
1:30 of 2nd period - Stopped by Andrei Vasilevskiy without a rebound.
1:31 of 2nd period - Jaden Schwartz wins face-off versus Ryan Getzlaf in Golden Seals zone.
1:52 of 2nd period - Minor Penalty to Jaden Schwartz for Roughing.
1:53 of 2nd period - Jonathan Toews wins face-off versus Mika Zibanejad in Golden Seals zone.
2:02 of 2nd period - Backhand shot by Quinn Hughes.
2:02 of 2nd period - Stopped by Andrei Vasilevskiy without a rebound.
2:03 of 2nd period - Jonathan Toews wins face-off versus Mika Zibanejad in Golden Seals zone.
2:23 of 2nd period - Snap shot by Dominik Kubalik.
2:23 of 2nd period - Shot Blocked by Colton Parayko.
2:27 of 2nd period - Snap shot by Dominik Kubalik.
2:27 of 2nd period - Shot Blocked by William Karlsson.
2:29 of 2nd period - Snap shot by Blake Wheeler.
2:29 of 2nd period - Shot Misses the Net.
2:31 of 2nd period - Snap shot by Mika Zibanejad.
2:31 of 2nd period - Stopped by Andrei Vasilevskiy with a rebound.
2:33 of 2nd period - Backhand shot by Blake Wheeler.
2:33 of 2nd period - Stopped by Andrei Vasilevskiy with a rebound.
2:35 of 2nd period - Snap shot by Alex Tuch.
2:35 of 2nd period - Shot Misses the Net.
2:37 of 2nd period - Snap shot by Quinn Hughes.
2:37 of 2nd period - Shot Blocked by William Karlsson.
2:39 of 2nd period - Snap shot by Dominik Kubalik.
2:39 of 2nd period - Shot Misses the Net.
3:37 of 2nd period - Slapshot by Blake Wheeler.
3:37 of 2nd period - Shot Misses the Net.
3:39 of 2nd period - Slapshot by Alex Tuch.
3:39 of 2nd period - Stopped by Andrei Vasilevskiy without a rebound.
3:40 of 2nd period - Robby Fabbri wins face-off versus Ryan Getzlaf in Golden Seals zone.
3:52 of 2nd period - Penalty to Jaden Schwartz is over, Jaden Schwartz is back on ice.
4:01 of 2nd period - Snap shot by Jonathan Toews.
4:01 of 2nd period - Shot Blocked by Darnell Nurse.
4:09 of 2nd period - Snap shot by Charlie McAvoy.
4:09 of 2nd period - Stopped by Andrei Vasilevskiy with a rebound.
5:17 of 2nd period - Jason Dickinson is hit by Barclay Goodrow and loses puck.
5:52 of 2nd period - Wrist shot by Jaden Schwartz.
5:52 of 2nd period - Shot Misses the Net.
5:54 of 2nd period - Snap shot by Jaden Schwartz.
5:54 of 2nd period - Shot Misses the Net.
6:08 of 2nd period - Slapshot by Jonathan Toews.
6:08 of 2nd period - Shot Misses the Net.
6:28 of 2nd period - Cole Sillinger is hit by Max Domi and loses puck.
6:53 of 2nd period - Snap shot by Jaden Schwartz.
6:53 of 2nd period - Stopped by Ben Bishop with a rebound.
7:09 of 2nd period - Snap shot by Jaden Schwartz.
7:09 of 2nd period - Shot Blocked by Charlie McAvoy.
7:12 of 2nd period - Icing by Matt Grzelcyk.
7:13 of 2nd period - Robby Fabbri wins face-off versus Mika Zibanejad in Canucks zone.
7:16 of 2nd period - Wrist shot by Robby Fabbri.
7:16 of 2nd period - Stopped by Ben Bishop without a rebound.
7:17 of 2nd period - Jonathan Toews wins face-off versus Ryan Getzlaf in Canucks zone.
7:54 of 2nd period - Snap shot by Blake Wheeler.
7:54 of 2nd period - Shot Blocked by Miles Wood.
7:56 of 2nd period - Snap shot by Mika Zibanejad.
7:56 of 2nd period - Stopped by Andrei Vasilevskiy with a rebound.
8:10 of 2nd period - Snap shot by Cole Sillinger.
8:10 of 2nd period - Deflect By Robby Fabbri.
8:10 of 2nd period - Stopped by Andrei Vasilevskiy with a rebound.
8:12 of 2nd period - Snap shot by Cole Sillinger.
8:12 of 2nd period - Goal by Cole Sillinger - Golden Seals : 0 - Canucks : 1.
8:13 of 2nd period - Jonathan Toews wins face-off versus Blake Wheeler in neutral zone.
8:20 of 2nd period - Charlie McAvoy is hit by Jake McCabe and loses puck.
8:29 of 2nd period - Wrist shot by Jonathan Toews.
8:29 of 2nd period - Stopped by Ben Bishop without a rebound.
8:30 of 2nd period - Jaden Schwartz wins face-off versus Ryan Getzlaf in Canucks zone.
9:17 of 2nd period - Minor Penalty to Tyler Toffoli for Slashing.
9:18 of 2nd period - Jonathan Toews wins face-off versus Mika Zibanejad in Golden Seals zone.
9:26 of 2nd period - Off-side.
9:27 of 2nd period - Jonathan Toews wins face-off versus Mika Zibanejad in neutral zone.
9:40 of 2nd period - Slapshot by William Karlsson.
9:40 of 2nd period - Stopped by Ben Bishop with a rebound.
10:06 of 2nd period - Colton Parayko is hit by Dominik Kubalik and loses puck.
10:11 of 2nd period - Slapshot by Dominik Kubalik.
10:11 of 2nd period - Stopped by Andrei Vasilevskiy with a rebound.
10:13 of 2nd period - Snap shot by Alex Tuch.
10:13 of 2nd period - Shot Misses the Net.
10:45 of 2nd period - Slapshot by Quinn Hughes.
10:45 of 2nd period - Deflect By Mika Zibanejad.
10:45 of 2nd period - Deflect By Jonathan Toews.
10:45 of 2nd period - Shot Blocked by William Karlsson.
10:45 of 2nd period - Puck is out of play.
10:46 of 2nd period - Robby Fabbri wins face-off versus Ryan Getzlaf in Golden Seals zone.
10:57 of 2nd period - Wrist shot by Denis Gurianov.
10:57 of 2nd period - Goal by Denis Gurianov - Golden Seals : 0 - Canucks : 2.
10:58 of 2nd period - Jonathan Toews wins face-off versus Jason Dickinson in neutral zone.
11:43 of 2nd period - Icing by Matt Grzelcyk.
11:44 of 2nd period - Ryan Getzlaf wins face-off versus Robby Fabbri in Canucks zone.
12:16 of 2nd period - Snap shot by Denis Gurianov.
12:16 of 2nd period - Stopped by Andrei Vasilevskiy with a rebound.
12:18 of 2nd period - Slapshot by Jason Dickinson.
12:18 of 2nd period - Stopped by Andrei Vasilevskiy with a rebound.
12:20 of 2nd period - Snap shot by Jason Dickinson.
12:20 of 2nd period - Stopped by Andrei Vasilevskiy without a rebound.
12:21 of 2nd period - Jonathan Toews wins face-off versus Mika Zibanejad in Golden Seals zone.
12:21 of 2nd period - Jonathan Toews is hit by Blake Wheeler.
13:16 of 2nd period - Wrist shot by Oscar Klefbom.
13:16 of 2nd period - Shot Blocked by Colton Parayko.
13:35 of 2nd period - Icing by Oskar Lindblom.
13:36 of 2nd period - Max Domi wins face-off versus Cole Sillinger in Golden Seals zone.
13:50 of 2nd period - Slapshot by Charlie McAvoy.
13:50 of 2nd period - Stopped by Andrei Vasilevskiy without a rebound.
13:51 of 2nd period - William Karlsson wins face-off versus Mika Zibanejad in Golden Seals zone.
14:00 of 2nd period - Snap shot by Jaden Schwartz.
14:00 of 2nd period - Deflect By William Karlsson.
14:00 of 2nd period - Shot Misses the Net.
14:00 of 2nd period - Puck is out of play.
14:01 of 2nd period - William Karlsson wins face-off versus Mika Zibanejad in Canucks zone.
14:02 of 2nd period - Snap shot by Jaden Schwartz.
14:02 of 2nd period - Shot Misses the Net.
14:12 of 2nd period - Slapshot by Blake Wheeler.
14:12 of 2nd period - Stopped by Andrei Vasilevskiy with a rebound.
14:28 of 2nd period - Snap shot by William Karlsson.
14:28 of 2nd period - Stopped by Ben Bishop with a rebound.
14:34 of 2nd period - Miles Wood is hit by Blake Wheeler.
15:09 of 2nd period - Wrist shot by Miles Wood.
15:09 of 2nd period - Stopped by Ben Bishop with a rebound.
15:25 of 2nd period - Snap shot by Alex Tuch.
15:25 of 2nd period - Shot Misses the Net.
15:27 of 2nd period - Slapshot by Alex Tuch.
15:27 of 2nd period - Deflect By Blake Wheeler.
15:27 of 2nd period - Stopped by Andrei Vasilevskiy without a rebound.
15:28 of 2nd period - Jonathan Toews wins face-off versus Dominik Kubalik in Golden Seals zone.
15:28 of 2nd period - Jonathan Toews is hit by Alex Killorn.
16:07 of 2nd period - Snap shot by Robby Fabbri.
16:07 of 2nd period - Stopped by Ben Bishop with a rebound.
16:09 of 2nd period - Snap shot by Barclay Goodrow.
16:09 of 2nd period - Shot Blocked by Denis Gurianov.
16:21 of 2nd period - Snap shot by Quinn Hughes.
16:21 of 2nd period - Shot Misses the Net.
16:23 of 2nd period - Wrist shot by Mikko Koivu.
16:23 of 2nd period - Shot Blocked by Max Domi.
16:25 of 2nd period - Slapshot by Darnell Nurse.
16:25 of 2nd period - Stopped by Andrei Vasilevskiy with a rebound.
16:27 of 2nd period - Slapshot by Darnell Nurse.
16:27 of 2nd period - Shot Misses the Net.
16:43 of 2nd period - Oscar Klefbom is hit by Kurtis MacDermid and loses puck.
17:44 of 2nd period - Alex Tuch is hit by Max Domi and loses puck.
19:29 of 2nd period - Icing by Jaden Schwartz.
19:30 of 2nd period - William Karlsson wins face-off versus Denis Gurianov in Golden Seals zone.
19:47 of 2nd period - Slapshot by Jonathan Toews.
19:47 of 2nd period - Shot Misses the Net.
Goals for this period are 0 for Golden Seals vs 2 for Canucks.
Shots for this period are 7 for Golden Seals vs 20 for Canucks.

3rd period


0:01 of 3rd period - Jonathan Toews wins face-off versus Mika Zibanejad in neutral zone.
0:14 of 3rd period - Snap shot by Alex Tuch.
0:14 of 3rd period - Stopped by Andrei Vasilevskiy without a rebound.
0:15 of 3rd period - Ryan Getzlaf wins face-off versus Jonathan Toews in Golden Seals zone.
0:46 of 3rd period - Slapshot by Alex Tuch.
0:46 of 3rd period - Shot Misses the Net.
0:48 of 3rd period - Wrist shot by Blake Wheeler.
0:48 of 3rd period - Shot Misses the Net.
0:50 of 3rd period - Wrist shot by Alex Tuch.
0:50 of 3rd period - Stopped by Andrei Vasilevskiy with a rebound.
0:52 of 3rd period - Wrist shot by Darnell Nurse.
0:52 of 3rd period - Stopped by Andrei Vasilevskiy without a rebound.
0:53 of 3rd period - Jonathan Toews wins face-off versus Mika Zibanejad in Golden Seals zone.
0:58 of 3rd period - Slapshot by Jonathan Toews.
0:58 of 3rd period - Deflect By Nick Suzuki.
0:58 of 3rd period - Stopped by Ben Bishop with a rebound.
1:00 of 3rd period - Slapshot by Jake McCabe.
1:00 of 3rd period - Stopped by Ben Bishop without a rebound.
1:01 of 3rd period - Jonathan Toews wins face-off versus Mika Zibanejad in Canucks zone.
1:04 of 3rd period - Wrist shot by Nick Suzuki.
1:04 of 3rd period - Shot Misses the Net.
1:06 of 3rd period - Slapshot by Jonathan Toews.
1:06 of 3rd period - Stopped by Ben Bishop with a rebound.
1:08 of 3rd period - Slapshot by Jonathan Toews.
1:08 of 3rd period - Shot Misses the Net.
1:10 of 3rd period - Slapshot by Cody Ceci.
1:10 of 3rd period - Stopped by Ben Bishop without a rebound.
1:11 of 3rd period - Mika Zibanejad wins face-off versus Jonathan Toews in Canucks zone.
1:22 of 3rd period - Snap shot by Nick Suzuki.
1:22 of 3rd period - Shot Misses the Net.
1:24 of 3rd period - Slapshot by Tyler Toffoli.
1:24 of 3rd period - Shot Misses the Net.
1:26 of 3rd period - Slapshot by Colton Parayko.
1:26 of 3rd period - Shot Blocked by Alex Tuch.
1:28 of 3rd period - Slapshot by Colton Parayko.
1:28 of 3rd period - Shot Blocked by Quinn Hughes.
1:38 of 3rd period - Quinn Hughes is hit by Jaden Schwartz.
1:41 of 3rd period - Off-side.
1:42 of 3rd period - William Karlsson wins face-off versus Ryan Getzlaf in neutral zone.
1:53 of 3rd period - Slapshot by Miles Wood.
1:53 of 3rd period - Shot Blocked by Matt Grzelcyk.
1:55 of 3rd period - Wrist shot by Jaden Schwartz.
1:55 of 3rd period - Deflect By Miles Wood.
1:55 of 3rd period - Stopped by Ben Bishop with a rebound.
1:57 of 3rd period - Wrist shot by Cody Ceci.
1:57 of 3rd period - Shot Misses the Net.
1:59 of 3rd period - Snap shot by Cody Ceci.
1:59 of 3rd period - Shot Blocked by Dominik Kubalik.
2:01 of 3rd period - Wrist shot by Miles Wood.
2:01 of 3rd period - Goal by Miles Wood - Golden Seals : 1 - Canucks : 2.
2:02 of 3rd period - Jonathan Toews wins face-off versus Mika Zibanejad in neutral zone.
2:36 of 3rd period - Wrist shot by Darnell Nurse.
2:36 of 3rd period - Stopped by Andrei Vasilevskiy without a rebound.
2:37 of 3rd period - William Karlsson wins face-off versus Ryan Getzlaf in Golden Seals zone.
3:12 of 3rd period - Wrist shot by Nick Suzuki.
3:12 of 3rd period - Shot Misses the Net.
3:24 of 3rd period - Wrist shot by Max Domi.
3:24 of 3rd period - Stopped by Ben Bishop with a rebound.
4:14 of 3rd period - Icing by Jonathan Toews.
4:15 of 3rd period - Mika Zibanejad wins face-off versus Jonathan Toews in Golden Seals zone.
4:16 of 3rd period - Snap shot by Blake Wheeler.
4:16 of 3rd period - Shot Blocked by Cody Ceci.
4:20 of 3rd period - Slapshot by Mika Zibanejad.
4:20 of 3rd period - Shot Blocked by Jake McCabe.
4:22 of 3rd period - Snap shot by Blake Wheeler.
4:22 of 3rd period - Shot Blocked by Jake McCabe.
4:24 of 3rd period - Slapshot by Charlie McAvoy.
4:24 of 3rd period - Stopped by Andrei Vasilevskiy without a rebound.
4:25 of 3rd period - Mika Zibanejad wins face-off versus Jonathan Toews in Golden Seals zone.
4:39 of 3rd period - Minor Penalty to Blake Wheeler for Delaying the game.
4:40 of 3rd period - Jason Dickinson wins face-off versus Jonathan Toews in Canucks zone.
4:52 of 3rd period - Wrist shot by Tyler Toffoli.
4:52 of 3rd period - Shot Misses the Net.
4:54 of 3rd period - Slapshot by Nate Schmidt.
4:54 of 3rd period - Stopped by Ben Bishop without a rebound.
4:55 of 3rd period - Jason Dickinson wins face-off versus Nick Suzuki in Canucks zone.
5:42 of 3rd period - Jake McCabe is hit by Mika Zibanejad and loses puck.
5:49 of 3rd period - Slapshot by Mika Zibanejad.
5:49 of 3rd period - Stopped by Andrei Vasilevskiy without a rebound.
5:50 of 3rd period - Jonathan Toews wins face-off versus Jason Dickinson in Golden Seals zone.
6:37 of 3rd period - Icing by Jaden Schwartz.
6:38 of 3rd period - William Karlsson wins face-off versus Mika Zibanejad in Golden Seals zone.
6:39 of 3rd period - Penalty to Blake Wheeler is over, Blake Wheeler is back on ice.
6:43 of 3rd period - Slapshot by Colton Parayko.
6:43 of 3rd period - Deflect By Charlie McAvoy.
6:43 of 3rd period - Stopped by Ben Bishop without a rebound.
6:44 of 3rd period - Mika Zibanejad wins face-off versus Jonathan Toews in Canucks zone.
6:44 of 3rd period - Mika Zibanejad is hit by Nick Suzuki.
7:18 of 3rd period - Off-side.
7:19 of 3rd period - Alex Killorn wins face-off versus William Karlsson in neutral zone.
7:32 of 3rd period - Slapshot by William Karlsson.
7:32 of 3rd period - Stopped by Ben Bishop without a rebound.
7:33 of 3rd period - Mika Zibanejad wins face-off versus Jonathan Toews in Canucks zone.
7:53 of 3rd period - Oscar Klefbom is hit by Tyler Toffoli and loses puck.
8:06 of 3rd period - Wrist shot by Dominik Kubalik.
8:06 of 3rd period - Stopped by Andrei Vasilevskiy without a rebound.
8:07 of 3rd period - Ryan Getzlaf wins face-off versus William Karlsson in Golden Seals zone.
8:55 of 3rd period - Snap shot by Robby Fabbri.
8:55 of 3rd period - Stopped by Ben Bishop with a rebound.
9:04 of 3rd period - Minor Penalty to Quinn Hughes for Hooking.
9:05 of 3rd period - Jonathan Toews wins face-off versus Jason Dickinson in Canucks zone.
9:13 of 3rd period - Wrist shot by Tyler Toffoli.
9:13 of 3rd period - Shot Misses the Net.
9:59 of 3rd period - Charlie McAvoy is hit by Jake McCabe and loses puck.
11:04 of 3rd period - Penalty to Quinn Hughes is over, Quinn Hughes is back on ice.
11:32 of 3rd period - Snap shot by Oscar Klefbom.
11:32 of 3rd period - Stopped by Andrei Vasilevskiy with a rebound.
11:34 of 3rd period - Slapshot by Oscar Klefbom.
11:34 of 3rd period - Stopped by Andrei Vasilevskiy with a rebound.
12:51 of 3rd period - Slapshot by Quinn Hughes.
12:51 of 3rd period - Deflect By Denis Gurianov.
12:51 of 3rd period - Stopped by Andrei Vasilevskiy without a rebound.
12:52 of 3rd period - Cole Sillinger wins face-off versus Max Domi in Golden Seals zone.
12:53 of 3rd period - Wrist shot by Denis Gurianov.
12:53 of 3rd period - Deflect By Max Domi.
12:53 of 3rd period - Shot Misses the Net.
12:53 of 3rd period - Puck is out of play.
12:54 of 3rd period - Cole Sillinger wins face-off versus Max Domi in Golden Seals zone.
13:09 of 3rd period - Snap shot by Max Domi.
13:09 of 3rd period - Stopped by Ben Bishop with a rebound.
13:30 of 3rd period - Minor Penalty to Kurtis MacDermid for Hooking.
13:31 of 3rd period - Jonathan Toews wins face-off versus Mika Zibanejad in Golden Seals zone.
13:39 of 3rd period - Wrist shot by Alex Tuch.
13:39 of 3rd period - Stopped by Andrei Vasilevskiy with a rebound.
13:57 of 3rd period - Nate Schmidt is hit by Blake Wheeler and loses puck.
14:39 of 3rd period - Slapshot by Robby Fabbri.
14:39 of 3rd period - Shot Misses the Net.
14:41 of 3rd period - Wrist shot by Robby Fabbri.
14:41 of 3rd period - Shot Blocked by Charlie McAvoy.
14:43 of 3rd period - Wrist shot by Max Domi.
14:43 of 3rd period - Goal by Max Domi - Golden Seals : 2 - Canucks : 2.
14:44 of 3rd period - Jonathan Toews wins face-off versus Mika Zibanejad in neutral zone.
15:30 of 3rd period - Penalty to Kurtis MacDermid is over, Kurtis MacDermid is back on ice.
15:42 of 3rd period - Darnell Nurse is hit by Robby Fabbri and loses puck.
16:34 of 3rd period - Minor Penalty to Oscar Klefbom for Hooking.
16:35 of 3rd period - Alex Killorn wins face-off versus Jonathan Toews in Canucks zone.
17:01 of 3rd period - Victor Mete is hit by Jaden Schwartz and loses puck.
18:34 of 3rd period - Penalty to Oscar Klefbom is over, Oscar Klefbom is back on ice.
19:26 of 3rd period - Tyler Toffoli is hit by Dominik Kubalik and loses puck.
Goals for this period are 2 for Golden Seals vs 0 for Canucks.
Shots for this period are 13 for Golden Seals vs 11 for Canucks.

Overtime #1


0:01 of 1st overtime period - Jonathan Toews wins face-off versus Mika Zibanejad in neutral zone.
0:08 of 1st overtime period - Backhand shot by William Karlsson.
0:08 of 1st overtime period - Stopped by Ben Bishop without a rebound.
0:09 of 1st overtime period - Jonathan Toews wins face-off versus Mika Zibanejad in Canucks zone.
0:26 of 1st overtime period - Wrist shot by William Karlsson.
0:26 of 1st overtime period - Shot Misses the Net.
0:50 of 1st overtime period - Wrist shot by Jonathan Toews.
0:50 of 1st overtime period - Stopped by Ben Bishop without a rebound.
0:51 of 1st overtime period - Nick Suzuki wins face-off versus Alex Killorn in Canucks zone.
1:00 of 1st overtime period - Wrist shot by Nick Suzuki.
1:00 of 1st overtime period - Shot Blocked by Quinn Hughes.
1:02 of 1st overtime period - Wrist shot by Nick Suzuki.
1:02 of 1st overtime period - Stopped by Ben Bishop without a rebound.
1:03 of 1st overtime period - Mika Zibanejad wins face-off versus Jonathan Toews in Canucks zone.
1:08 of 1st overtime period - Snap shot by Blake Wheeler.
1:08 of 1st overtime period - Stopped by Andrei Vasilevskiy without a rebound.
1:09 of 1st overtime period - Jonathan Toews wins face-off versus Mika Zibanejad in Golden Seals zone.
1:40 of 1st overtime period - Snap shot by Alex Killorn.
1:40 of 1st overtime period - Shot Blocked by Tyler Toffoli.
2:54 of 1st overtime period - Tyler Toffoli is hit by Darnell Nurse and loses puck.
3:07 of 1st overtime period - Jaden Schwartz is hit by Blake Wheeler.
3:18 of 1st overtime period - Off-side.
3:19 of 1st overtime period - William Karlsson wins face-off versus Alex Killorn in neutral zone.
3:44 of 1st overtime period - Blake Wheeler is hit by Tyler Toffoli and loses puck.
4:05 of 1st overtime period - Snap shot by Dominik Kubalik.
4:05 of 1st overtime period - Goal by Dominik Kubalik - Golden Seals : 2 - Canucks : 3.
Goals for this period are 0 for Golden Seals vs 1 for Canucks.
Shots for this period are 3 for Golden Seals vs 2 for Canucks.